 Dungeon Crawl Stone Soup version 0.17-a0-1954-g0dddeaa (webtiles) character file.

220 dpvblackbelt the Conjurer (level 5, -4/31 HPs)
             Began as an Octopode Wizard on Oct 4, 2015.
             Was an Initiate of Sif Muna.
             Slain by Grinder (5 damage)
             ... on level 3 of the Dungeon.
             The game lasted 00:11:30 (4193 turns).

dpvblackbelt the Conjurer (Octopode Wizard)         Turns: 4193, Time: 00:11:30

Health: -4/31      AC:  1    Str:  7    XL:     5   Next: 97%
Magic:  5/9        EV: 12    Int: 21    God:    Sif Muna [......]
Gold:   117        SH:  0    Dex: 10    Spells: 3 memorised, 3 levels left

rFire  . . .     SeeInvis .     h - +2 short sword (drain)
rCold  . . .     Clarity  .     (no shield)
rNeg   . . .     SustAt   .     a - +0 hat
rPois  .         Gourm    .     (no amulet)
rElec  .         Spirit   .     (no ring)
rCorr  .         Warding  .     (no ring)
rMut   .         Stasis   .     (no ring)
MR     .....                    (no ring)
Stlth  +++.......               (no ring)
                                (no ring)
                                (no ring)
                                (no ring)

@: very slightly contaminated, hasted, very quick, not resistant to hostile
enchantments, fairly stealthy
A: almost no armour, amphibious, 8 rings, constrict 8, camouflage 1, gelatinous
body 1
a: Renounce Religion


You were on level 3 of the Dungeon.
You worshipped Sif Muna.
Sif Muna was noncommittal.
You were not hungry.

You visited 1 branch of the dungeon, and saw 3 of its levels.

You collected 117 gold pieces.

Inventory:

Hand weapons
 h - a +2 short sword of draining (weapon)
   (You took it off a kobold on level 1 of the Dungeon)
Armour
 a - a +0 hat (worn)
Magical devices
 m - a wand of hasting (0)
   (You took it off Natasha on level 2 of the Dungeon)
 o - a wand of cold (8)
   (You found it on level 3 of the Dungeon)
Scrolls
 g - a scroll of teleportation {unknown}
 i - a scroll of noise {unknown}
 j - a scroll of blinking {unknown}
 n - 2 scrolls of remove curse {unknown}
 p - 4 scrolls of identify {unknown}
Potions
 e - a potion of flight {unknown}
 f - 2 potions of magic {unknown}
 k - a potion of might {unknown}
 r - 2 potions of curing {unknown}
Books
 b - a book of Minor Magic
Comestibles
 c - 4 bread rations {@e1@e1}
 d - 5 fruits
 l - a meat ration {@e2@e2}
 q - a royal jelly


   Skills:
 - Level 2.0 Dodging
 - Level 2.6 Stealth
 - Level 3.0 Spellcasting
 + Level 5.7 Conjurations
   Level 1.0 Summonings
   Level 1.0 Translocations


You had 3 spell levels left.
You knew the following spells:

 Your Spells              Type           Power        Failure   Level  Hunger
a - Magic Dart            Conj           ####         1%          1    None
c - Conjure Flame         Conj/Fire      ###.....     14%         3    ###....
x - Mephitic Cloud        Conj/Pois/Air  ##......     21%         3    ###....


Dungeon Overview and Level Annotations

Branches:
Dungeon (3/15)

Altars:
Ru
Sif Muna

Annotations:
D:3 Grinder


Innate Abilities, Weirdness & Mutations

You cannot wear most types of armour.
You are amphibious.
You can wear up to eight rings at the same time.
You can use your tentacles to constrict eight enemies at once.
Your skin changes colour to match your surroundings (Stealth).
Your rubbery body absorbs attacks (AC +1).


Message History

A quokka and a goblin come into view.
All of the chunks of flesh in your inventory have rotted away.
Found a sacrificial altar of Ru.
There are monsters nearby!
There is an open door here.
The helpless quokka fails to defend itself.
You puncture the quokka!
You kill the quokka!
You see here a quokka corpse.
A bat and an orc wizard come into view.
The helpless orc wizard fails to defend itself.
You hit the orc wizard. Your grab misses the orc wizard.
The orc wizard hits you with a dagger.
You take 4 damage, and have 27/31 hp.
You puncture the orc wizard!
You kill the orc wizard!
The goblin misses you.
You hit the goblin.
You kill the goblin!
The helpless bat fails to defend itself.
You puncture the bat!
You kill the bat!
No target in view!
Things that are here:
a dagger; a goblin corpse
Things that are here:
a dagger; a robe You open the door.
There is an open door here.
p - 4 scrolls labeled TOFAUK BOLIXY (gained 3)
q - a royal jelly
r - a purple potion You regained 2 hp, and now have 30/31 hp.
r - 2 purple potions (gained 1)
d - 5 fruits (gained 1)
You now have 117 gold pieces (gained 5).
A hobgoblin comes into view.
Health restored: 31 A hobgoblin is nearby!
A hobgoblin is nearby!
A hobgoblin is nearby!
The hobgoblin shouts!
You hit the hobgoblin. You grab the hobgoblin.
You constrict the hobgoblin, but do no damage.
The hobgoblin closely misses you.
You hit the hobgoblin.
You kill the hobgoblin!
No target in view!
No target in view!
n - 2 scrolls labeled XUSHRI ARICHU (gained 1)
You open the door.
There is an open door here.
There is an open door here.
Grinder is too close now for your liking.
Grinder is nearby!
Grinder is too close now for your liking.
Grinder is nearby!
Grinder shouts!
Grinder rolls his eyes.
Grinder is nearby!
You closely miss Grinder. You grab Grinder. You constrict Grinder.
Grinder gestures at you. You resist with significant effort.
Grinder is nearby!
You puncture Grinder! You constrict Grinder. Grinder barely misses you.
You release your grip on Grinder.
You closely miss Grinder. Your grab misses Grinder.
Your squeeze misses Grinder. Grinder hits you.
You writhe in agony.
You take 10 damage, and have 21/31 hp.
MASSIVE DAMAGE!!
You hit Grinder but do no damage. You grab Grinder. You constrict Grinder.
Grinder gestures.
Grinder struggles to blink free from constriction.
You feel yourself speed up.
You are very lightly contaminated with residual magic.
Evoking this partially-identified wand wasted a few charges.
You constrict Grinder, but do no damage.
Grinder gestures at you. Pain shoots through your body!
You take 2 damage, and have 19/31 hp.
Aim: Grinder (moderately wounded, constricted by you)
The magic dart hits Grinder.
You constrict Grinder, but do no damage.
Grinder barely misses you.
You now have 8/9 mp.
Aim: Grinder (heavily wounded, constricted by you)
The magic dart hits Grinder.
You constrict Grinder, but do no damage.
You now have 7/9 mp.
Aim: Grinder (heavily wounded, constricted by you)
The magic dart hits Grinder.
You constrict Grinder. Grinder hits you.
You writhe in agony.
You take 7 damage, and have 12/31 hp.
MASSIVE DAMAGE!!
You now have 6/9 mp.
Aim: Grinder (heavily wounded, constricted by you)
The magic dart hits Grinder.
You constrict Grinder. Grinder hits you!
* * * LOW HITPOINT WARNING * * *
You writhe in agony.
You die...

######### #.......#
### ###### #.#####.#
..#####....# #.###.#.#
......#....# #.#..<#.#
..###.#....###.....#.#
..'...'.....[........#
..###................#
###............#@....#
#####....#####.#5....#
#.# #'..'# #.#.....#
#.#


♣PPPP♣ #.#.....# #.# ♣.♣P♣♣ #.#.....#.# ..# ♣♣.♣♣ #.###'#.#.# ..# .♣ ##.#
.#...## ..# #.. ...#../ ..# #.####.....## You could see Grinder.

Vanquished Creatures
  Natasha (thrice) (D:2)
  An orc wizard (D:3)
  Robin (D:2)
  5 adders
  2 oozes (D:1)
  A worm (D:2)
  An orc (D:3)
  13 bats
  8 hobgoblins
  5 jackals
  2 quokkas
  7 giant cockroaches (D:1)
  5 giant geckos
  2 giant newts
  17 goblins
  9 kobolds
  10 rats
92 creatures vanquished.

Notes
Turn   | Place    | Note
--------------------------------------------------------------
     0 | D:1      | dpvblackbelt the Octopode Wizard began the quest for the Orb.
     0 | D:1      | Reached XP level 1. HP: 11/11 MP: 4/4
     3 | D:1      | Noticed an electric eel
     6 | D:1      | Noticed an electric eel
   479 | D:1      | Reached skill level 2 in Conjurations
   479 | D:1      | Reached XP level 2. HP: 17/17 MP: 6/6
   880 | D:1      | Reached XP level 3. HP: 9/21 MP: 7/7
   883 | D:1      | HP: 5/21 [goblin/club (2)]
   895 | D:1      | Reached skill level 3 in Conjurations
  1108 | D:1      | Learned a level 3 spell: Conjure Flame
  1112 | D:1      | Learned a level 3 spell: Mephitic Cloud
  1938 | D:2      | Reached XP level 4. HP: 21/27 MP: 5/8
  1954 | D:2      | Reached skill level 4 in Conjurations
  2263 | D:2      | Noticed Natasha
  2271 | D:2      | Killed Natasha
  2310 | D:2      | Noticed Robin
  2318 | D:2      | Killed Robin
  2318 | D:2      | Reached XP level 5. HP: 9/31 MP: 4/9
  2319 | D:2      | HP: 3/31 [goblin/club[Robin] (6)]
  2977 | D:2      | Reached skill level 5 in Conjurations
  3027 | D:2      | Found a deep blue altar of Sif Muna.
  3030 | D:2      | Became a worshipper of Sif Muna the Loreminder
  3229 | D:2      | Noticed Natasha
  3243 | D:2      | Killed Natasha
  3457 | D:2      | Noticed Natasha
  3460 | D:2      | Killed Natasha
  3564 | D:3      | Noticed Grinder
  4071 | D:3      | Found a sacrificial altar of Ru.
  4193 | D:3      | HP: 1/31 [Grinder (11)]
  4193 | D:3      | Slain by Grinder

Vault maps used:
D:1:      arrival_aquarium_b, minmay_three_crescents
D:2:      lemuel_blue_sif_altar, first_bread, uniq_robin, uniq_natasha
D:3:      nicolae_ru_great_annihilating_truth, serial_glass, glass_columns_b,
          glass_columns_a, uniq_crazy_yiuf_cottage, uniq_grinder

Action                   |  1- 3 |  4- 6 || total
-------------------------+-------+-------++-------
Melee: Dagger            |    18 |       ||    18
       Unarmed           |     3 |       ||     3
       Short sword       |    53 |    88 ||   141
 Cast: Magic Dart        |    22 |    33 ||    55
Evoke: Wand              |       |     1 ||     1
 Stab: Sleeping          |     7 |     9 ||    16
       Distracted        |       |     1 ||     1
       Paralysed         |       |     1 ||     1
  Eat: Chunk             |     3 |     7 ||    10

Vault maps used:
D:1:      arrival_aquarium_b, minmay_three_crescents
D:2:      lemuel_blue_sif_altar, first_bread, uniq_robin, uniq_natasha
D:3:      nicolae_ru_great_annihilating_truth, serial_glass, glass_columns_b,
          glass_columns_a, uniq_crazy_yiuf_cottage, uniq_grinder

Table legend:
 A = Turns spent in this place as a percentage of turns spent in the entire game.
 B = Non-inter-level travel turns spent in this place as a percentage of non-inter-level travel turns spent in the entire game.
 C = Inter-level travel turns spent in this place as a percentage of turns spent in this place.
 D = Turns resting spent in this place as a percentage of non-inter-level travel turns spent in this place.
 E = Turns spent auto-exploring this place as a percentage of non-inter-level travel turns spent in this place.
 F = Non-inter-level travel turns spent in this place divided by the number of levels of this place that you've seen.
                   A       B       C       D       E      F
               +-------+-------+-------+-------+-------+----------------------
         Total | 100.0 | 100.0 |   0.6 |   6.0 |   7.6 | 335.3
       Dungeon | 100.0 | 100.0 |   0.6 |   6.0 |   7.6 | 335.3
               +-------+-------+-------+-------+-------+----------------------

Table legend:
 A = Kills in this place as a percentage of kills in entire the game.
 B = Kills by you in this place as a percentage of kills by you in the entire game.
 C = Kills by friends in this place as a percentage of kills by friends in the entire game.
 D = Other kills in this place as a percentage of other kills in the entire game.
 E = Experience gained in this place as a percentage of experience gained in the entire game.
 F = Experience gained in this place divided by the number of levels of this place that you have seen.
                   A       B       C       D       E      F
               +-------+-------+-------+-------+-------+----------------------
         Total | 100.0 | 100.0 |  -nan |  -nan | 100.0 | 105.0
       Dungeon | 100.0 | 100.0 |  -nan |  -nan | 100.0 | 105.0
               +-------+-------+-------+-------+-------+----------------------
